[Event "Early-Titled-Tuesday-Blitz-January-30-2024"]
[Site "Chess.com"]
[Date "2024.01.30"]
[Round "4"]
[White "leotobares"]
[Black "bulletteemo"]
[Result "0-1"]
[WhiteElo "2328"]
[BlackElo "2518"]
[TimeControl "180+1"]
[EndTime "8:39:17 PST"]
[Termination "bulletteemo won by resignation"]

1. c4 g6 2. Nc3 Bg7 3. g3 c5 4. Bg2 Nc6 5. Nf3 d6 6. O-O Bg4 7. a3 e6 8. b4 cxb4 9. axb4 Nxb4 10. Ba3 Nc6 11. Rb1 Nge7 12. Rxb7 O-O 13. Nb5 Nf5 14.
e4 Nfd4 15. Nxd6 Qa5 16. Bc1 Qa6 17. Rb1 Ne5 18. Nb5 Nexf3+ 19. Bxf3 Bxf3 20. Qxf3 Nxf3+ 21. Kg2 Nd4 22. Nc7 Qc6 23. Nxa8 Qxe4+ 24. f3 Qxb1 0-1

[Event "Early-Titled-Tuesday-Blitz-January-30-2024"]
[Site "Chess.com"]
[Date "2024.01.30"]
[Round "4"]
[White "akinov-akinseye"]
[Black "Resignify"]
[Result "0-1"]
[WhiteElo "1899"]
[BlackElo "2281"]
[TimeControl "180+1"]
[EndTime "8:39:30 PST"]
[Termination "Resignify won by resignation"]

1. e4 d6 2. d4 Nf6 3. Nc3 g6 4. f3 c6 5. Be3 b5 6. a3 a6 7. Qd2 Nbd7 8. Bh6 Bxh6 9. Qxh6 Nb6 10. h4 Nc4 11. Bxc4 bxc4 12. Nge2 Qb6 13. Rb1 Bb7 14.
e5 dxe5 15. dxe5 Nd5 16. Nxd5 cxd5 17. h5 O-O-O 18. Qg7 gxh5 19. Rxh5 Qg6 20. Rg5 Qxc2 21. Rc1 Qxb2 22. Qxf7 Qxa3 23. Qxe7 Qxe7 0-1

[Event "Early-Titled-Tuesday-Blitz-January-30-2024"]
[Site "Chess.com"]
[Date "2024.01.30"]
[Round "4"]
[White "Baby_Legs"]
[Black "GAO"]
[Result "1-0"]
[WhiteElo "2641"]
[BlackElo "2410"]
[TimeControl "180+1"]
[EndTime "8:39:31 PST"]
[Termination "Baby_Legs won by resignation"]

1. d4 Nf6 2. Nf3 e6 3. e3 d5 4. Bd3 c5 5. b3 Nc6 6. Bb2 b6 7. Nbd2 Bd6 8. a3 Bb7 9. Ne5 Ne7 10. Bb5+ Kf8 11. Qf3 Ng6 12. h4 Bxe5 13. dxe5 Ne4 14.
Nxe4 dxe4 15. Qg3 a6 16. Rd1 Qb8 17. h5 Ne7 18. h6 Rg8 19. Be2 gxh6 20. Qf4 Rg6 21.
Rxh6 Rxh6 22. Qxh6+ Kg8 23. Rd7 Ng6 24. Bh5 Bc6 25. Rxf7 Kxf7 26. Qxh7+ Ke8 27. Qxg6+ Kd8 28. Qxe6 Bd7 29. Qf6+ Kc8 30. e6 Bc6 31. Be5 Qb7 32. Qf8+ 1-0

[Event "Early-Titled-Tuesday-Blitz-January-30-2024"]
[Site "Chess.com"]
[Date "2024.01.30"]
[Round "4"]
[White "SuanFernandes"]
[Black "SharapovEvgeny"]
[Result "0-1"]
[WhiteElo "2327"]
[BlackElo "2537"]
[TimeControl "180+1"]
[EndTime "8:39:31 PST"]
[Termination "SharapovEvgeny won by resignation"]

1. d4 Nf6 2. c4 e6 3. Nf3 Bb4+ 4. Nbd2 b6 5. e3 Bb7 6. Be2 O-O 7. O-O Bxd2 8.
Qxd2 Ne4 9. Qc2 f5 10. a3 d6 11. b4 c5 12. Bb2 Nd7 13. Rad1 Qe7 14. d5 exd5 15. cxd5 Ndf6 16. Qb3 Rae8 17. Bb5 Rc8 18. bxc5 bxc5 19. Bc4 Rb8 20. Qc2 Kh8 21. Nh4 Nxd5 22. Bxd5 Bxd5 23. Rxd5 Qxh4 24. f3 Ng5 25. Rxd6 Nf7 26.
Rd7 Qg5 27. f4 Qg6 28. Rxa7 Qb6 29. Qc3 Qxb2 30. Qxb2 Rxb2 31. Rc1 Nd6 32. Rxc5 Rb1+ 0-1

[Event "Early-Titled-Tuesday-Blitz-January-30-2024"]
[Site "Chess.com"]
[Date "2024.01.30"]
[Round "4"]
[White "GMBenjaminBok"]
[Black "Chernobay_Artem"]
[Result "1-0"]
[WhiteElo "2942"]
[BlackElo "2621"]
[TimeControl "180+1"]
[EndTime "8:39:32 PST"]
[Termination "GMBenjaminBok won by resignation"]

1. d4 Nf6 2. c4 c5 3. Nf3 e6 4. g3 cxd4 5. Nxd4 Nc6 6. Bg2 Bc5 7. Nb3 Be7 8. O-O O-O 9. Nc3 d6 10. Bf4 h6 11. Qd2 e5 12. Be3 Be6 13. Nd5 Ng4 14. Rfd1 Nxe3 15. Qxe3 Bg5 16. Qd3 h5 17. a3 Rc8 18. e3 b6 19. Rac1 g6 20. Nc3 Be7 21. Nb5 Qd7 22. Nxd6 Rcd8 23. c5 Bxb3 24. Qxb3 Na5 25.
Qc2 Qc7 26. b4 Nb7 27. Nxb7 1-0

[Event "Early-Titled-Tuesday-Blitz-January-30-2024"]
[Site "Chess.com"]
[Date "2024.01.30"]
[Round "4"]
[White "LangesNasenhaar"]
[Black "wadsy27"]
[Result "1-0"]
[WhiteElo "2434"]
[BlackElo "2607"]
[TimeControl "180+1"]
[EndTime "8:39:35 PST"]
[Termination "LangesNasenhaar won by resignation"]

1. d4 Nf6 2. Nc3 d5 3. Bf4 c6 4. e3 Bf5 5. Nf3 e6 6. Ne5 Nbd7 7. g4 Bg6 8. h4 h6 9. Nxg6 fxg6 10. Bd3 Kf7 11.
Qf3 Qb6 12. O-O-O c5 13. g5 c4 14. Be2 Bb4 15. gxf6 Bxc3 16. bxc3 gxf6 17. e4 Qa5 18. exd5 exd5 19. Kd2 Rae8 20. Rb1 Nb6 21. Bc7 Re6 22. h5 Rhe8 23. hxg6+ Kg7 24. Bd1 Qxa2 25. Qf4 Rh8 26. Bg4 Re7 27. Bxb6 axb6 28. Rxb6 1-0

[Event "Early-Titled-Tuesday-Blitz-January-30-2024"]
[Site "Chess.com"]
[Date "2024.01.30"]
[Round "4"]
[White "mertfelin"]
[Black "Cambek64"]
[Result "0-1"]
[WhiteElo "2265"]
[BlackElo "2505"]
[TimeControl "180+1"]
[EndTime "8:39:35 PST"]
[Termination "Cambek64 won on time"]

1. e4 c6 2. Nc3 d5 3. Nf3 Bg4 4.
h3 Bxf3 5. Qxf3 e6 6. Be2 Nf6 7. O-O Be7 8. Rd1 O-O 9. d4 b5 10. a3 a5 11. Bf4 Nbd7 12. e5 Ne8 13. Bd3 Nc7 14. Qg3 g6 15. Bh6 Re8 16. Ne2 c5 17. c3 c4 18. Bc2 b4 19. Ba4 b3 20.
Nf4 Bf8 21. Bxf8 Rxf8 22. h4 Kh8 23. Bxd7 Qxd7 24. Qg5 Qd8 25. Qh6 Rg8 26. Re1 Qf8 27. Qg5 h6 28. Qf6+ Qg7 29. Qe7 Rac8 30. a4 Kh7 31.
Re3 Rgd8 32. Rg3 Qf8 33. Nxg6 Qxe7 34. Nxe7 Ra8 35. f4 Re8 36. Nc6 Ra6 0-1

[Event "Early-Titled-Tuesday-Blitz-January-30-2024"]
[Site "Chess.com"]
[Date "2024.01.30"]
[Round "4"]
[White "Grossboss19"]
[Black "Rsnr"]
[Result "0-1"]
[WhiteElo "2597"]
[BlackElo "2848"]
[TimeControl "180+1"]
[EndTime "8:39:37 PST"]
[Termination "Rsnr won by checkmate"]

1. e4 c6 2. Nf3 d5 3. d3 g6 4. Be2 Bg7 5. O-O e5 6. c3 Ne7 7. Re1 O-O 8. Nbd2 c5 9. Qc2 Nbc6 10. Bf1 h6 11. a4 Be6 12. g3 Qc7 13. Bg2 b6 14. b3 Rad8 15. Bb2 Rfe8 16. Rad1 d4 17. c4 Nb4 18. Qb1 a6 19. Ba3 Nec6 20.
Rf1 Ra8 21. Ne1 b5 22. f4 Bg4 23. Rc1 bxa4 24. bxa4 Rab8 25. Bxb4 Nxb4 26. Bf3 Bd7 27.
f5 gxf5 28. exf5 Bxf5 29. Be4 Bh3 30. Rf2 Qd7 31. Qa1 f5 32. Bh1 e4 33. dxe4 d3 34. Qa3 Bd4 35. e5 Bxf2+ 36. Kxf2 Qd4+ 37. Kf3 Rxe5 38. Ng2 Re2 39. Rf1 Qg4# 0-1

[Event "Early-Titled-Tuesday-Blitz-January-30-2024"]
[Site "Chess.com"]
[Date "2024.01.30"]
[Round "4"]
[White "Massakru"]
[Black "FedaMaster"]
[Result "0-1"]
[WhiteElo "2403"]
[BlackElo "2625"]
[TimeControl "180+1"]
[EndTime "8:39:37 PST"]
[Termination "FedaMaster won by checkmate"]

1. e4 d5 2. exd5 Qxd5 3. Nc3 Qd6 4. d4 Nf6 5. Nf3 Bg4 6. h3 Bh5 7. g4 Bg6 8. Nb5 Qb6 9. Bf4 Nd5 10. Bg3 a6 11. Nc3 Nxc3 12. bxc3 Qc6 13. Kd2 Nd7 14. Bg2 O-O-O 15. Nh4 Be4 16. Bxe4 Qxe4 17. Qf3 Nf6 18. Qxe4 Nxe4+ 19. Kd3 Nxg3 20. fxg3 e6 21.
Rhf1 Rd7 22. Nf3 f6 23. Rae1 Rd6 24. g5 Be7 25. gxf6 gxf6 26. Kc4 h5 27. g4 hxg4 28. hxg4 Rh3 29. Re2 Rg3 30. Re4 Rc6+ 31. Kb3 Rb6+ 32. Kc4 Kd7 33. g5 f5 34. Ne5+ Ke8 35. Rh4 Rb4+ 36. cxb4 b5# 0-1

[Event "Early-Titled-Tuesday-Blitz-January-30-2024"]
[Site "Chess.com"]
[Date "2024.01.30"]
[Round "4"]
[White "tolia123"]
[Black "Talent-OF-Slovenia"]
[Result "0-1"]
[WhiteElo "2127"]
[BlackElo "2473"]
[TimeControl "180+1"]
[EndTime "8:39:37 PST"]
[Termination "Talent-OF-Slovenia won by checkmate"]

1. d4 c6 2. Nc3 d5 3. Bf4 Nf6 4. e3 Bf5 5. f3 e6 6. g4 Bg6 7. h4 h5 8. g5 Nfd7 9. e4 Bb4 10. Qd3 c5 11. O-O-O Nc6 12. Nb5 O-O 13. Bd6 c4 14. Qe3 Bxd6 15. Nxd6 Nb6 16. Nxb7 Qc7 17. Nc5 e5 18.
dxe5 d4 19. Qa3 Qxe5 20. Nh3 Qe7 21. Nf4 a5 22. Nd5 Nxd5 23. exd5 Nb4 24. Ne4 Bxe4 25. fxe4 Qxe4 26. Rh2 Qf4+ 27. Rhd2 c3 28. bxc3 dxc3 29. Qxc3 Nxa2+ 30. Kb2 Nxc3 31. Kxc3 Rac8+ 32. Kd3 Rfe8 33. Re2 Qg3+ 34. Kd2 Qc3+ 35. Kc1 Rxe2 36. Bxe2 Qxc2# 0-1

[Event "Early-Titled-Tuesday-Blitz-January-30-2024"]
[Site "Chess.com"]
[Date "2024.01.30"]
[Round "4"]
[White "deepfear"]
[Black "cycygogne"]
[Result "0-1"]
[WhiteElo "1935"]
[BlackElo "2285"]
[TimeControl "180+1"]
[EndTime "8:39:38 PST"]
[Termination "cycygogne won on time"]

1. e4 d5 2. exd5 Qxd5 3. Nc3 Qd6 4. d3 Nf6 5. Be2 e5 6. Bf3 Nc6 7. Nge2 Bg4 8. Bxg4 Nxg4 9. Ng3 h5 10. h3 Nf6 11.
Bg5 O-O-O 12. Bxf6 gxf6 13. Nxh5 f5 14. Ng3 Qg6 15.
Qf3 Nd4 16. Qd1 Kb8 17. Qd2 Bh6 18. Qd1 f4 19. Nge4 Qxg2 20. Rf1 Rhg8 0-1

[Event "Early-Titled-Tuesday-Blitz-January-30-2024"]
[Site "Chess.com"]
[Date "2024.01.30"]
[Round "4"]
[White "Hovik_Hayrapetyan"]
[Black "Yurasova_Daria"]
[Result "1-0"]
[WhiteElo "2772"]
[BlackElo "2448"]
[TimeControl "180+1"]
[EndTime "8:39:40 PST"]
[Termination "Hovik_Hayrapetyan won by resignation"]

1. d4 d5 2. c4 dxc4 3. Nf3 Nf6 4. e3 a6 5. Bxc4 b5 6. Be2 e6 7. a4 b4 8. Nbd2 Bb7 9. b3 Nbd7 10. Bb2 Be7 11. Nc4 Kf8 12. O-O Kg8 13. Rc1 c5 14. Nfe5 Nf8 15. dxc5 Bxc5 16. Qxd8 Rxd8 17. Na5 Rd2 18.
Nxb7 Rxe2 19. Nd3 Be7 20. Rfd1 Ne4 21. Kf1 Rd2 22. f3 Rxd1+ 23. Rxd1 Nc3 24. Bxc3 bxc3 25. Rc1 Bf6 26. Nbc5 g6 27. Nxa6 Kg7 28. Nac5 e5 29. e4 Bg5 30. Rxc3 f6 31. b4 1-0

[Event "Early-Titled-Tuesday-Blitz-January-30-2024"]
[Site "Chess.com"]
[Date "2024.01.30"]
[Round "4"]
[White "wannabe2700"]
[Black "Zohid6"]
[Result "0-1"]
[WhiteElo "2614"]
[BlackElo "2861"]
[TimeControl "180+1"]
[EndTime "8:39:41 PST"]
[Termination "Zohid6 won on time"]

1. b3 e5 2. Bb2 Nc6 3. e3 Nf6 4. Bb5 Bd6 5. Na3 a6 6. Bxc6 dxc6 7. Nc4 Qe7 8. Ne2 O-O 9. O-O b5 10. Nxd6 cxd6 11. f4 Nd5 12. f5 f6 13. e4 Nb6 14. g4 d5 15. d3 Rd8 16. Ng3 Bb7 17.
Bc1 c5 18. g5 dxe4 19. gxf6 Qxf6 20. Qg4 exd3 21. Nh5 Qf7 22. Bh6 Rd4 23. Qg5 Rd7 24. Kf2 Rf8 25. Nxg7 Qxg7 26. Bxg7 Rxg7 27. Qh6 Rg2+ 28. Ke1 d2+ 29. Kd1 Nd5 30. Qh3 Kh8 31.
f6 b4 32. Qxg2 Nc3+ 33. Kxd2 Bxg2 34. Rf5 Be4 35. Rxe5 Rxf6 36. Rg1 Bg6 37. Rg2 Rf8 38. a4 Rd8+ 39. Ke3 Nd5+ 40. Kf3 Rf8+ 41. Kg3 Nc3 0-1

[Event "Early-Titled-Tuesday-Blitz-January-30-2024"]
[Site "Chess.com"]
[Date "2024.01.30"]
[Round "4"]
[White "Luklei18"]
[Black "vlad10898"]
[Result "0-1"]
[WhiteElo "2449"]
[BlackElo "2810"]
[TimeControl "180+1"]
[EndTime "8:39:41 PST"]
[Termination "vlad10898 won by resignation"]

1. d4 d5 2. Nc3 Nf6 3. Bf4 e6 4. Nb5 Na6 5. e3 Be7 6. Nf3 O-O 7. h4 c6 8. Nc3 Qb6 9. a3 c5 10. Ne5 Nb8 11. dxc5 Qxc5 12. g4 Nc6 13. g5 Ne4 14. Nxe4 dxe4 15. Nxc6 Qxc6 16. Bg2 Rd8 17. Qe2 b6 18.
O-O a5 19. c4 Ba6 20. Rac1 Rac8 21. Qc2 Qxc4 22. Qb1 Qb3 23. Bxe4 Bxf1 24. Bxh7+ Kf8 25.
Kxf1 Rxc1+ 26. Qxc1 Rd1+ 0-1

[Event "Early-Titled-Tuesday-Blitz-January-30-2024"]
[Site "Chess.com"]
[Date "2024.01.30"]
[Round "4"]
[White "kidagent"]
[Black "Mourinho_Jose"]
[Result "1/2-1/2"]
[WhiteElo "2325"]
[BlackElo "2526"]
[TimeControl "180+1"]
[EndTime "8:39:41 PST"]
[Termination "Game drawn by repetition"]

1. c4 c6 2. g3 d5 3. Bg2 Nf6 4. Nf3 e6 5. O-O Nbd7 6. b3 Bd6 7. Bb2 O-O 8. Nc3 b6 9. Rc1 Bb7 10. d4 Rc8 11. Nd2 Qe7 12. e4 dxe4 13. Ndxe4 Ba3 14.
Qe2 Bxb2 15. Qxb2 Rfd8 16. Rfe1 Nxe4 17. Nxe4 Nf8 18. Rcd1 Rc7 19. f4 Rcd7 20. Rd2 h6 21. Red1 Nh7 22. c5 Nf6 23. Nd6 Nd5 24. b4 Rxd6 25.
cxd6 Qxd6 26. Bxd5 Qxd5 27. Qb3 Qe4 28. Qd3 Qd5 29. Qb3 Qe4 30. Qd3 Qd5 31. Qb3 1/2-1/2

[Event "Early-Titled-Tuesday-Blitz-January-30-2024"]
[Site "Chess.com"]
[Date "2024.01.30"]
[Round "4"]
[White "adotand"]
[Black "sergeikim"]
[Result "1-0"]
[WhiteElo "2836"]
[BlackElo "2591"]
[TimeControl "180+1"]
[EndTime "8:39:42 PST"]
[Termination "adotand won by resignation"]

1. Nf3 Nf6 2. c4 g6 3. Nc3 Bg7 4. e4 d6 5. d4 O-O 6. h3 e5 7. d5 a5 8. Be3 Na6 9. g4 Nc5 10. Nd2 Bd7 11. Rg1 c6 12. h4 a4 13. g5 Ne8 14. a3 Nc7 15. Qc2 cxd5 16. cxd5 b5 17. Be2 Rc8 18. Bxc5 dxc5 19. Rg3 b4 20. Nxa4 Nb5 21.
Bxb5 Bxb5 22. Nxc5 bxa3 23. b4 f6 24. Raxa3 fxg5 25. hxg5 Qe7 26. Qa2 Kh8 27. Ra7 Rc7 28. Rxc7 Qxc7 29. Qa5 Qb8 30. Rc3 Rc8 31. Nf3 h6 32.
Kd2 h5 33. Nh4 Kh7 34. Ne6 Rxc3 35. Kxc3 Qc8+ 36. Qc7 Qxc7+ 37. Nxc7 Bd7 38. Ne6 Bxe6 39. dxe6 Bf8 40. Kc4 Be7 41. b5 Bxg5 42. b6 1-0

[Event "Early-Titled-Tuesday-Blitz-January-30-2024"]
[Site "Chess.com"]
[Date "2024.01.30"]
[Round "4"]
[White "ExchangeAB"]
[Black "jk13"]
[Result "0-1"]
[WhiteElo "2463"]
[BlackElo "2698"]
[TimeControl "180+1"]
[EndTime "8:39:46 PST"]
[Termination "jk13 won by resignation"]

1. d4 Nf6 2. Nf3 e6 3. c3 d5 4. Bf4 Bd6 5. Bg3 O-O 6. e3 b6 7. Ne5 c5 8. Bd3 Ba6 9. Bxa6 Nxa6 10. O-O Nb8 11. Nd2 Qc7 12. f4 Nc6 13. Bh4 Nd7 14. Rf3 f6 15. Nxc6 Qxc6 16. Rg3 Rf7 17. a4 e5 18.
fxe5 fxe5 19. Rf3 Raf8 20. Rxf7 Rxf7 21. Qg4 cxd4 22. exd4 exd4 23. cxd4 Nf6 24. Bxf6 Rxf6 25. Nf3 h6 26. Re1 Bb4 27. Re2 Qc1+ 28. Kf2 Bd6 29. h4 Kh7 30. h5 Qc7 31. Kg1 Qf7 32. Ne5 Rf1+ 33. Kh2 Qf4+ 34. Qxf4 Rxf4 35. Nf3 Re4+ 0-1

[Event "Early-Titled-Tuesday-Blitz-January-30-2024"]
[Site "Chess.com"]
[Date "2024.01.30"]
[Round "4"]
[White "GelmanAlexander"]
[Black "cristianserban1"]
[Result "0-1"]
[WhiteElo "2783"]
[BlackElo "2586"]
[TimeControl "180+1"]
[EndTime "8:39:47 PST"]
[Termination "cristianserban1 won by checkmate"]

1. c4 Nf6 2. Nf3 e6 3. d3 d5 4. Nbd2 b6 5. e3 dxc4 6. Nxc4 Be7 7. a3 O-O 8. b3 Bb7 9. Bb2 c5 10. Qc2 Nc6 11. Be2 Rc8 12. Rg1 b5 13. Ncd2 Nd7 14.
g4 Bf6 15. g5 Bxb2 16. Qxb2 Qc7 17. h4 Nde5 18. h5 Rfd8 19. h6 g6 20. Ne4 Nxf3+ 21. Bxf3 Ne5 22. Nf6+ Kh8 23. Be2 Bf3 24. Rd1 c4 25.
bxc4 bxc4 26. dxc4 Rxd1+ 27. Kxd1 Rd8+ 28. Ke1 Bxe2 29.
Kxe2 Qxc4+ 30. Ke1 Nf3# 0-1

[Event "Early-Titled-Tuesday-Blitz-January-30-2024"]
[Site "Chess.com"]
[Date "2024.01.30"]
[Round "4"]
[White "almaguerjm"]
[Black "xamax2000"]
[Result "0-1"]
[WhiteElo "2459"]
[BlackElo "2861"]
[TimeControl "180+1"]
[EndTime "8:39:47 PST"]
[Termination "xamax2000 won by resignation"]

1. e4 c6 2. d4 d5 3. e5 Bf5 4. Bd3 Bxd3 5. Qxd3 e6 6. c3 Qb6 7. Ne2 Qa6 8. Qf3 c5 9. O-O Ne7 10. dxc5 Nd7 11. b4 Nxe5 12. Qe3 Nc4 13. Qd3 Ng6 14. Ng3 Be7 15. f4 O-O 16. Nd2 Bf6 17. a4 b6 18. b5 Qa5 19. Ne2 Nxd2 20. Bxd2 bxc5 21. g3 Ne7 22. g4 g6 23. f5 c4 24. Qh3 exf5 25. gxf5 Nxf5 26. Rxf5 gxf5 27. Qxf5 Qb6+ 28. Kh1 Qe6 29. Qf2 Qe4+ 30. Kg1 Qg6+ 31. Ng3 Rae8 32.
Rf1 Bh4 33. Be3 f5 34. Kh1 Bxg3 35. hxg3 Qg4 36. Rd1 Qxd1+ 0-1

[Event "Early-Titled-Tuesday-Blitz-January-30-2024"]
[Site "Chess.com"]
[Date "2024.01.30"]
[Round "4"]
[White "FGHSMN"]
[Black "Skatchkov_V"]
[Result "1-0"]
[WhiteElo "2893"]
[BlackElo "2614"]
[TimeControl "180+1"]
[EndTime "8:39:49 PST"]
[Termination "FGHSMN won on time"]

1. b3 d5 2. Bb2 Nf6 3. Nf3 Bf5 4. Nh4 Bc8 5. e3 c6 6. c4 Bg4 7. Qc2 e6 8. h3 Bh5 9. g4 Bg6 10. Nxg6 hxg6 11. Bg2 Nbd7 12. d4 Bb4+ 13. Nc3 Rc8 14. a3 Bd6 15. c5 Bb8 16. f4 g5 17.
fxg5 Bg3+ 18. Kd2 Ne4+ 19. Bxe4 dxe4 20. Nxe4 Bc7 21. Raf1 b6 22. Kc1 Qe7 23. h4 a5 24.
h5 a4 25. b4 bxc5 26. dxc5 Be5 27. Bxe5 Nxe5 28. Nd6+ Kd7 29. Nxc8 Kxc8 30. Rd1 Qxg5 31.
Qe4 Re8 32. Rd6 Kc7 33. Rhd1 Qf6 34. Qd4 Re7 35. Rd8 Kb7 36. Kb1 Qg5 37. b5 cxb5 38.
Qd6 Nc6 39. Rd7+ 1-0

[Event "Early-Titled-Tuesday-Blitz-January-30-2024"]
[Site "Chess.com"]
[Date "2024.01.30"]
[Round "4"]
[White "VladimirKramnik"]
[Black "Andrey_Klymchuk"]
[Result "1-0"]
[WhiteElo "2938"]
[BlackElo "2728"]
[TimeControl "180+1"]
[EndTime "8:39:50 PST"]
[Termination "VladimirKramnik won by resignation"]

1. c4 c5 2. g3 g6 3. Bg2 Bg7 4.
Nc3 Nf6 5. e3 O-O 6. Nge2 d6 7.
O-O Nc6 8. d4 cxd4 9. exd4 a6 10.
h3 Rb8 11. Be3 e5 12. Qd2 Re8 13. Rad1 exd4 14. Nxd4 Ne5 15. b3 Bd7 16. Bg5 Qc8 17. Kh2 b5 18. cxb5 axb5 19. Rc1 Qa6 20. Bxf6 Bxf6 21. Nd5 Bg7 22. f4 Qa7 23. Rc7 Qxd4 24. Qxd4 Ng4+ 25. hxg4 Bxd4 26. Rxd7 Re2 27. g5 Kf8 28.
Kh3 Rc8 29. Nf6 h6 30. Bd5 Re7 31. Rxe7 Kxe7 32. Re1+ Kf8 33. Nd7+ Kg7 34. Re7 1-0

[Event "Early-Titled-Tuesday-Blitz-January-30-2024"]
[Site "Chess.com"]
[Date "2024.01.30"]
[Round "4"]
[White "Grischuk"]
[Black "Sanyura"]
[Result "1-0"]
[WhiteElo "3079"]
[BlackElo "2633"]
[TimeControl "180+1"]
[EndTime "8:39:50 PST"]
[Termination "Grischuk won by checkmate"]

1. d4 Nf6 2. c4 g6 3. g3 Bg7 4. Bg2 d6 5. Nc3 Nbd7 6. Nf3 e5 7. O-O exd4 8. Nxd4 O-O 9. e4 Nc5 10. h3 Re8 11.
Re1 Bd7 12. Rb1 a5 13. b3 Qc8 14. Kh2 h5 15. Rb2 h4 16. g4 Bxg4 17. hxg4 Nxg4+ 18. Kg1 Ne5 19. Re3 Ng4 20. Rh3 Ne6 21. Qxg4 Nxd4 22.
Qxh4 a4 23. Nd5 axb3 24. Qh7+ Kf8 25. Bh6 Ne6 26. Qh8# 1-0

[Event "Early-Titled-Tuesday-Blitz-January-30-2024"]
[Site "Chess.com"]
[Date "2024.01.30"]
[Round "4"]
[White "frequentblunders"]
[Black "xhembulla"]
[Result "0-1"]
[WhiteElo "2167"]
[BlackElo "2640"]
[TimeControl "180+1"]
[EndTime "8:39:51 PST"]
[Termination "xhembulla won on time"]

1. d3 d5 2. f4 c5 3. Nf3 Nc6 4. g3 Bg4 5. Bg2 Nf6 6. O-O Qc7 7. Nc3 O-O-O 8. h3 Bxf3 9. Bxf3 e5 10. f5 Kb8 11. e4 dxe4 12. Nxe4 Nd4 13. c3 Nxf3+ 14. Qxf3 Qc6 15. Bg5 Be7 16. Rae1 c4 17. Bxf6 gxf6 18. Rd1 Rxd3 19. Rxd3 cxd3 20. Rd1 Rd8 21. Rxd3 Qb6+ 22.
Kf1 Qxb2 23. Rxd8+ Bxd8 24. Nc5 Qa1+ 25. Kg2 Qxa2+ 26. Kh1 Qb1+ 27. Kg2 Qb2+ 28. Kh1 Qb5 29. Qd5 Qc6 0-1

[Event "Early-Titled-Tuesday-Blitz-January-30-2024"]
[Site "Chess.com"]
[Date "2024.01.30"]
[Round "4"]
[White "Boundless_Strike"]
[Black "stasOR4ik"]
[Result "0-1"]
[WhiteElo "2630"]
[BlackElo "2427"]
[TimeControl "180+1"]
[EndTime "8:39:51 PST"]
[Termination "stasOR4ik won on time"]

1. d4 Nf6 2. f3 d5 3. e4 dxe4 4. Nc3 exf3 5. Nxf3 c5 6. d5 Bg4 7. h3 Bh5 8. g4 Bg6 9. Bf4 a6 10. Qe2 Nbd7 11. O-O-O Qa5 12. Ne5 Nxe5 13. Qxe5 Nd7 14. Qe1 h5 15. g5 Bf5 16. Rh2 Qb4 17. Rf2 g6 18. a3 Qb6 19. Re2 O-O-O 20. Na4 Qa7 21.
Bg2 b5 22. Nc3 Nb6 0-1

[Event "Early-Titled-Tuesday-Blitz-January-30-2024"]
[Site "Chess.com"]
[Date "2024.01.30"]
[Round "4"]
[White "DvaHrasta"]
[Black "Paladin61"]
[Result "0-1"]
[WhiteElo "2535"]
[BlackElo "2738"]
[TimeControl "180+1"]
[EndTime "8:39:56 PST"]
[Termination "Paladin61 won on time"]

1. c4 e6 2. g3 d5 3. Bg2 Nf6 4. Nf3 Bd6 5. d4 O-O 6. O-O h6 7. Ne5 c5 8. e3 cxd4 9. exd4 Nc6 10. f4 dxc4 11. Nxc6 bxc6 12. Bxc6 Ba6 13. Nc3 Qb6 14. Bf3 Rab8 15. Rf2 Rfd8 16. Be3 Bb7 17. h3 Bb4 18. Rc1 Qa6 19. Bxb7 Rxb7 20. f5 Bxc3 21. bxc3 Re8 22.
fxe6 Qxe6 23. Qf3 Qxe3 24. Qxb7 Qxc1+ 0-1

[Event "Early-Titled-Tuesday-Blitz-January-30-2024"]
[Site "Chess.com"]
[Date "2024.01.30"]
[Round "4"]
[White "kai_nov"]
[Black "HelvertHernandez"]
[Result "1-0"]
[WhiteElo "2274"]
[BlackElo "1866"]
[TimeControl "180+1"]
[EndTime "8:39:57 PST"]
[Termination "kai_nov won by resignation"]

1. d4 Nf6 2. Nc3 g6 3. Bg5 Bg7 4. Nf3 O-O 5. e4 d6 6. Bd3 Bg4 7. O-O Nbd7 8. h3 Bxf3 9. Qxf3 e5 10. d5 Nc5 11. b4 Nxd3 12. cxd3 Rc8 13. b5 c5 14. bxc6 bxc6 15. dxc6 h6 16. Bxf6 Qxf6 17. Qxf6 Bxf6 18. Nd5 Bd8 19. c7 Rxc7 20. Nxc7 Bxc7 21. Rac1 Bb6 22. Rc6 Bc5 23. Rb1 f5 24. Rb7 fxe4 25. dxe4 Bxf2+ 26. Kh2 Rf7 27. Rc8+ Kg7 28. Rxf7+ Kxf7 29. Rc7+ Ke6 30. a4 d5 31. Rc6+ Kd7 32. exd5 e4 33.
Rxg6 e3 34. Re6 h5 35. g4 h4 36. g5 1-0

[Event "Early-Titled-Tuesday-Blitz-January-30-2024"]
[Site "Chess.com"]
[Date "2024.01.30"]
[Round "4"]
[White "yobdc"]
[Black "AlexeiShirov"]
[Result "0-1"]
[WhiteElo "2557"]
[BlackElo "2755"]
[TimeControl "180+1"]
[EndTime "8:39:58 PST"]
[Termination "AlexeiShirov won on time"]

1. d4 Nf6 2. c4 e6 3. Nc3 Bb4 4. e3 c5 5. Nf3 d5 6. a3 Bxc3+ 7. bxc3 O-O 8. Bd3 Nc6 9. O-O Qc7 10.
cxd5 exd5 11. dxc5 Bg4 12. a4 Ne4 13. c4 Ne5 14. cxd5 Bxf3 15. gxf3 Nc3 16. Qc2 Nxf3+ 17. Kg2 Qxh2+ 18. Kxf3 Qh3+ 19. Kf4 Nxd5+ 20. Ke5 Rad8 21. Bxh7+ Kh8 22. Bb2 Rfe8+ 23. Kd4 Nxe3+ 24. Kc3 Nxc2+ 25. Kxc2 Qxh7+ 26. Kb3 Qd3+ 27. Ka2 Qc4+ 0-1

[Event "Early-Titled-Tuesday-Blitz-January-30-2024"]
[Site "Chess.com"]
[Date "2024.01.30"]
[Round "4"]
[White "Alexei_Kornev"]
[Black "Sjakkerntobi"]
[Result "1-0"]
[WhiteElo "2734"]
[BlackElo "2511"]
[TimeControl "180+1"]
[EndTime "8:39:59 PST"]
[Termination "Alexei_Kornev won by resignation"]

1. e4 e6 2. d4 d5 3. Nc3 Bb4 4. e5 Ne7 5. a3 Bxc3+ 6. bxc3 c5 7. Qg4 cxd4 8. Bd3 Qa5 9. Ne2 dxc3 10. O-O O-O 11. h4 Nd7 12. Bf4 f5 13. exf6 Nxf6 14. Qg5 h6 15. Qe5 Nc6 16. Qxc3 Qxc3 17. Nxc3 e5 18.
Bg3 Be6 19. Rfe1 e4 20. Bf1 Rac8 21. Nb5 Ne8 22. c4 dxc4 23. Rxe4 Bd5 24. Bxc4 Bxc4 25.
Rxc4 a6 26. Nd4 Nf6 27. Rac1 Ne7 28. Bd6 Rxc4 29. Rxc4 Re8 30. Rc7 Nc8 31. Nf5 Nxd6 32. Nxd6 Rd8 33. Nf5 Ne8 34. Rxb7 Rd5 35. Ne7+ 1-0

[Event "Early-Titled-Tuesday-Blitz-January-30-2024"]
[Site "Chess.com"]
[Date "2024.01.30"]
[Round "4"]
[White "lelajavakhishvili"]
[Black "carloseduar100"]
[Result "1-0"]
[WhiteElo "2512"]
[BlackElo "2284"]
[TimeControl "180+1"]
[EndTime "8:39:59 PST"]
[Termination "lelajavakhishvili won by checkmate"]

1. d4 d5 2. Nf3 c6 3. g3 Nf6 4.
Bg2 g6 5. O-O Bg7 6. c4 O-O 7.
cxd5 cxd5 8. Nc3 Nc6 9. Qb3 a6 10. a4 Bg4 11. e3 Qd7 12. Ne5 Nxe5 13. dxe5 Nh5 14. Nxd5 Be6 15. Nb6 Qd8 16. Qb4 Bxe5 17.
Nxa8 Qxa8 18. Qxb7 Qd8 19. Qxa6 Nf6 20. Qb5 Qc7 21. a5 Bc4 22. Qb6 Qxb6 23. axb6 Bxf1 24. Kxf1 Nd7 25. b7 e6 26. Ra8 Nb8 27. Bd2 Bxb2 28. Bb4 Be5 29. Bxf8 Kxf8 30. f4 Bd6 31. Ke2 Ke7 32.
Kd3 Kd7 33. Kc4 Kc7 34. Kb5 h5 35. Ra1 e5 36. Rc1+ Kd7 37. Kb6 exf4 38. exf4 h4 39.
Bh3+ Ke7 40. Rc8 hxg3 41. hxg3 g5 42. fxg5 Bxg3 43. Ka7 Nd7 44. Bxd7 Kxd7 45. b8=Q Bxb8+ 46. Rxb8 Ke6 47. Rb7 Kf5 48. Rxf7+ Kxg5 49. Kb7 Kg6 50. Rf1 Kg5 51. Kc6 Kg6 52. Kd5 Kg5 53. Ke4 Kg6 54. Ke5 Kg5 55. Rg1+ Kh4 56. Kf5 Kh3 57. Kf4 Kh2 58. Rg3 Kh1 59. Kf3 Kh2 60.
Kf2 Kh1 61. Rh3# 1-0